AoeStats
← NuMa | JuanMan

Pilgrims

510138093Analyzed
2v2 RM · 4d ago on Sep 29, 2026· 38m 37s· 4 players
Game mode
Random Map
Map size
Medium (4 player)
Population
200
Speed
Normal
Resources
Standard
Victory
Conquest
Starting age
Dark Age
Ending age
Imperial Age
RankedLock teamsTeams togetherTeam positionsShared explorationLock speedFull tech treeHidden civsTurbo modeCheats
Victory
Defeat
🇨🇴 Varangians · Colombia
1380
+16
🇨🇴 Malay · Colombia
1336
+18
🇦🇷 Malay · Argentina
1383
-17
🇦🇷 Lithuanians · Argentina
1381
-17
Camo
5:30 Loom
12:36 Feudal Age
14:12 Fishing Lines
15:25 Fletching
16:13 Wheelbarrow
19:09 Castle Age
17:39 Double-Bit Axe
18:37 Town Watch
18:50 Stone Mining
18:52 Gold Mining
20:23 Bodkin Arrow
21:17 Ballistics
22:57 Bow Saw
23:23 Clinker Construction
23:25 Careening
25:28 Guard Tower
26:27 Masonry
27:29 Gillnets
29:35 Hand Cart
30:02 Scale Barding Armor
30:34 Horse Collar
31:07 Scale Mail Armor
32:04 Forging
36:57 Imperial Age
35:35 Gambesons
35:50 Squires
36:26 Arson
38:28 Bracer
NuMa | JuanMan
2:50 Loom
11:56 Feudal Age
11:55 Double-Bit Axe
21:21 Castle Age
19:33 Fishing Lines
20:04 Scale Barding Armor
20:10 Forging
19:55 Horse Collar
21:26 Medium Warships
22:11 Iron Casting
23:19 Bow Saw
23:55 Husbandry
29:28 Gold Mining
35:44 Gillnets
[VEP] Lepra
4:18 Loom
12:10 Feudal Age
16:41 Castle Age
14:44 Double-Bit Axe
18:51 Bow Saw
21:38 Scale Barding Armor
22:47 Forging
22:34 Horse Collar
24:31 Iron Casting
25:22 Wheelbarrow
26:00 Heavy Plow
29:12 Imperial Age
28:23 Gold Mining
29:26 Chain Barding Armor
30:57 Plate Barding Armor
35:53 Conscription
36:35 Conscription
[VEP] Assamita18
3:23 Loom
11:59 Feudal Age
11:42 Double-Bit Axe
14:25 Fletching
19:56 Castle Age
20:14 Medium Warships
20:46 Bodkin Arrow
Connection lost

Rejoining the realm…

Still unreachable

The connection could not be restored.

Session expired

The server has moved on; the page needs a fresh start.